Penguins vs Kings
Created - 21 novembre 2016 at 19:03
Goals
|
| Penguins |
1 |
2 |
1 |
4 |
| Kings |
0 |
1 |
1 |
2 |
|
Shots
|
| Penguins |
11 |
20 |
7 |
38 |
| Kings |
14 |
7 |
11 |
32 |
|
1st period
1. Penguins , Steven Stamkos 6 (Dion Phaneuf, Luke Schenn) at 17:57
Penalties :
Luke Schenn (Pit) for High sticking (Minor) at 15:33
2nd period
2. Kings , Jordan Nolan 7 (Jakub Voracek) at 7:57 (PP)
3. Penguins , Steven Stamkos 7 (Bobby Ryan, Paul Ranger) at 10:42
4. Penguins , Josef Vasicek 5 (Steve Sullivan, Brian McGrattan) at 18:01
Penalties :
Ted Purcell (LAK) for Charging (Minor) at 1:41, Eric Gryba (Pit) for Roughing (Minor) at 7:23
3rd period
5. Penguins , Nikita Alexeev 3 (Paul Ranger, Brayden Schenn) at 11:09
6. Kings , Martin Samuelsson 3 (Dominic Moore, Daniel Cleary) at 14:48
Penalties :
Ted Purcell (LAK) for Holding (Minor) at 15:36
Goalie Stats
Brian Elliott (Pit), 30 saves from 32 shots - (0,938), W, 8-1-0, 60:00 minutes
Evgeni Nabokov (LAK), 34 saves from 38 shots - (0,895), L, 2-2-0, 60:00 minutes
Players Stats for Penguins
Player Name G A P +/- PIM S H SB GA TA FO MP PP MP PK MP
------------------------------------------------------------------------------------
Ben Eager 0 0 0 0 0 0 1 0 0 0 0/1 9:44 0:00 0:31
Bobby Ryan 0 1 1 2 0 6 0 1 0 0 2/2 20:54 2:08 0:29
Brayden Schenn 0 1 1 0 0 0 0 0 0 0 5/8 10:08 0:00 1:33
Brian McGrattan 0 1 1 1 0 1 3 0 0 0 0/0 11:37 0:00 0:00
Derek Joslin 0 0 0 0 0 1 0 2 0 1 0/0 12:38 0:00 0:54
Dion Phaneuf 0 1 1 1 0 0 1 3 0 1 0/0 27:52 2:25 1:45
Duncan Keith 0 0 0 2 0 0 0 2 1 1 0/0 21:12 1:33 1:19
Dustin Penner 0 0 0 0 0 2 1 0 0 1 1/1 16:31 1:50 0:00
Eric Gryba 0 0 0 0 2 1 1 1 0 0 0/0 11:26 0:00 0:00
Josef Vasicek 1 0 1 1 0 2 1 1 0 0 3/3 11:54 0:00 0:29
Luke Schenn 0 1 1 1 2 2 6 2 0 1 0/0 26:51 2:25 0:28
Max Pacioretty 0 0 0 2 0 0 1 0 1 0 2/4 20:26 2:08 0:00
Nathan Horton 0 0 0 0 0 4 2 3 0 1 0/1 18:15 1:50 1:33
Nikita Alexeev 1 0 1 0 0 4 0 0 0 0 0/0 8:26 0:00 0:00
Paul Ranger 0 2 2 2 0 3 1 0 1 3 0/0 20:16 1:33 0:40
Sam Gagner 0 0 0 0 0 2 3 1 0 0 3/9 17:33 1:50 0:31
Steve Sullivan 0 1 1 1 0 4 2 0 0 1 0/0 11:14 0:00 0:00
Steven Stamkos 2 0 2 2 0 6 0 0 2 0 17/32 20:28 2:08 0:00
Players Stats for Kings
Player Name G A P +/- PIM S H SB GA TA FO MP PP MP PK MP
------------------------------------------------------------------------------------
Anze Kopitar 0 0 0 -1 0 4 3 1 2 0 7/20 18:50 1:23 0:51
Daniel Cleary 0 1 1 0 0 3 0 0 0 0 0/0 9:42 0:00 0:56
Danny Richmond 0 0 0 -3 0 1 0 2 0 0 0/0 19:27 0:40 1:30
Dominic Moore 0 1 1 0 0 2 0 1 0 0 6/8 10:42 0:00 2:11
Drew Doughty 0 0 0 0 0 7 0 4 0 1 0/0 23:09 1:53 0:00
Erik Karlsson 0 0 0 0 0 2 0 1 1 1 0/0 17:56 1:53 0:00
Georges Laraque 0 0 0 -1 0 1 3 1 1 1 0/0 14:14 0:00 2:11
Jakub Voracek 0 1 1 -1 0 2 1 0 1 0 0/1 17:23 1:10 0:00
Jared Cowen 0 0 0 -3 0 1 1 1 0 0 0/0 18:39 0:00 2:28
Johnny Gaudreau 0 0 0 -1 0 0 0 0 0 0 0/1 18:43 1:23 0:51
Jordan Eberle 0 0 0 -1 0 2 5 0 1 1 0/1 18:00 1:23 0:00
Jordan Nolan 1 0 1 -1 0 1 1 0 0 0 13/25 17:20 1:10 0:00
Lubomir Visnovsky 0 0 0 0 0 0 0 2 0 1 0/0 22:37 0:00 2:28
Martin Samuelsson 1 0 1 0 0 1 2 0 1 0 1/1 9:46 0:00 0:56
Maxim Talbot 0 0 0 -1 0 0 0 0 0 0 1/3 12:03 0:00 0:00
Michael Kostka 0 0 0 0 0 1 1 2 0 0 0/0 18:12 0:40 1:30
Ted Purcell 0 0 0 -1 4 3 2 0 2 0 0/1 12:06 0:00 0:00
Zach Parise 0 0 0 -1 0 1 0 1 1 0 0/0 17:11 1:10 0:00
3 Stars
1 - Steven Stamkos (Pit)
2 - Paul Ranger (Pit)
3 - Josef Vasicek (Pit)
Power Play
Penguins - 0 on 2 Attempt(s) - 0,00%
Kings - 1 on 2 Attempt(s) - 50,00%
Penalty Kill
Penguins - 1 on 2 Attempt(s) - 50,00%
- Score 0 goal in Penalty Kill
Kings - 2 on 2 Attempt(s) - 100,00%
- Score 0 goal in Penalty Kill
Team Stat
Penguins - Hits : 23 - Faceoff Wins : 33 - Blocked Shots : 16 - Penalty Minutes : 4
Kings - Hits : 19 - Faceoff Wins : 28 - Blocked Shots : 16 - Penalty Minutes : 4
Official
Referees : Walsh Ian and Morton Dean
Linesman : Scott Driscoll and Pierre Champoux
Game Notes
No Game Note
Finance
Level 1 -- Attendance: 5796 (96,60%) -- Ticket Income 492 660 $
Level 2 -- Attendance: 3594 (71,88%) -- Ticket Income 215 640 $
Level 3 -- Attendance: 1385 (69,25%) -- Ticket Income 48 475 $
Level 4 -- Attendance: 3087 (77,18%) -- Ticket Income 77 175 $
Luxury Box -- Attendance: 1000 (100,00%) -- Ticket Income 140 000 $
Game was played at the Staples Center.
Total Attendance: 14862 (82,57%)
Total Ticket Income: 973 950 $
Other Income: 146 092 $
Total Income: 1 120 042 $
Penguins
5 vs 5 Forward
Center Left Wing Right Wing Time % Phy DF OF
1 Steven Stamkos Max Pacioretty Bobby Ryan 40 0 2 3
2 Sam Gagner Dustin Penner Nathan Horton 30 0 2 3
3 Josef Vasicek Steve Sullivan Brian McGrattan 20 0 2 3
4 Brayden Schenn Ben Eager Nikita Alexeev 10 0 2 3
5 vs 5 Defense
Defense Defense Time % Phy DF OF
1 Luke Schenn Dion Phaneuf 45 1 2 2
2 Paul Ranger Duncan Keith 33 1 2 2
3 Eric Gryba Derek Joslin 22 1 2 2
4 Luke Schenn Dion Phaneuf 0 1 2 2
PowerPlay Forward
Center Left Wing Right Wing Time % Phy DF OF
1 Steven Stamkos Max Pacioretty Bobby Ryan 60 0 1 4
2 Sam Gagner Dustin Penner Nathan Horton 40 0 1 4
PowerPlay Defense
Defense Defense Time % Phy DF OF
1 Luke Schenn Dion Phaneuf 60 0 2 3
2 Paul Ranger Duncan Keith 40 0 2 3
Penalty Kill 4 Players Forward
Center Wing Time % Phy DF OF
1 Brayden Schenn Nathan Horton 60 0 4 1
2 Josef Vasicek Bobby Ryan 40 0 4 1
Penalty Kill 4 Players Defense
Defense Defense Time % Phy DF OF
1 Luke Schenn Dion Phaneuf 60 1 4 0
2 Paul Ranger Duncan Keith 40 1 4 0
Penalty Kill - 3 Players Forward
Forward Time % Phy DF OF
1 Nathan Horton 60 0 4 1
2 Bobby Ryan 40 0 4 1
Penalty Kill - 3 Players Defense
Defense Defense Time % Phy DF OF
1 Luke Schenn Dion Phaneuf 60 1 4 0
2 Paul Ranger Duncan Keith 40 1 4 0
4 vs 4 Forward
Center Wing Time % Phy DF OF
1 Steven Stamkos Bobby Ryan 60 0 2 3
2 Sam Gagner Nathan Horton 40 0 2 3
4 vs 4 Defense
Defense Defense Time % Phy DF OF
1 Luke Schenn Dion Phaneuf 60 1 2 2
2 Paul Ranger Duncan Keith 40 1 2 2
Last Minutes Offensive
Center Left Wing Right Wing Defense Defense
Steven Stamkos Max Pacioretty Bobby Ryan Luke Schenn Dion Phaneuf
Last Minutes Defensive
Center Left Wing Right Wing Defense Defense
Brayden Schenn Dustin Penner Nathan Horton Luke Schenn Dion Phaneuf
Goaltenders
Starting : Brian Elliott
Backup : Josh Tordjman
Extra Forwards
Normal : Steven Stamkos, Sam Gagner, Josef Vasicek - PP : Steven Stamkos, Sam Gagner - PK : Nathan Horton
Extra Defensemen
Normal : Dion Phaneuf, Duncan Keith, Paul Ranger - PP : Derek Joslin - PK : Duncan Keith, Luke Schenn
Penalty Shots
Max Pacioretty, Bobby Ryan, Nathan Horton, Steven Stamkos, Dustin Penner
Kings
5 vs 5 Forward
Center Left Wing Right Wing Time % Phy DF OF
1 Anze Kopitar Johnny Gaudreau Jordan Eberle 35 0 0 5
2 Jordan Nolan Zach Parise Jakub Voracek 35 2 1 2
3 Maxim Talbot Ted Purcell Georges Laraque 25 1 2 2
4 Dominic Moore Martin Samuelsson Daniel Cleary 5 1 3 1
5 vs 5 Defense
Defense Defense Time % Phy DF OF
1 Drew Doughty Lubomir Visnovsky 40 1 3 1
2 Danny Richmond Jared Cowen 30 1 3 1
3 Michael Kostka Erik Karlsson 30 1 3 1
4 Drew Doughty Danny Richmond 0 1 3 1
PowerPlay Forward
Center Left Wing Right Wing Time % Phy DF OF
1 Anze Kopitar Johnny Gaudreau Jordan Eberle 55 0 0 5
2 Jordan Nolan Zach Parise Jakub Voracek 45 0 0 5
PowerPlay Defense
Defense Defense Time % Phy DF OF
1 Drew Doughty Erik Karlsson 60 0 2 3
2 Danny Richmond Michael Kostka 40 0 3 2
Penalty Kill 4 Players Forward
Center Wing Time % Phy DF OF
1 Dominic Moore Georges Laraque 60 1 2 2
2 Martin Samuelsson Daniel Cleary 40 1 2 2
Penalty Kill 4 Players Defense
Defense Defense Time % Phy DF OF
1 Lubomir Visnovsky Jared Cowen 60 1 4 0
2 Danny Richmond Michael Kostka 40 1 4 0
Penalty Kill - 3 Players Forward
Forward Time % Phy DF OF
1 Dominic Moore 60 1 4 0
2 Anze Kopitar 40 1 4 0
Penalty Kill - 3 Players Defense
Defense Defense Time % Phy DF OF
1 Jared Cowen Lubomir Visnovsky 60 1 4 0
2 Danny Richmond Michael Kostka 40 1 4 0
4 vs 4 Forward
Center Wing Time % Phy DF OF
1 Anze Kopitar Jakub Voracek 60 1 2 2
2 Jordan Eberle Zach Parise 40 1 2 2
4 vs 4 Defense
Defense Defense Time % Phy DF OF
1 Jared Cowen Drew Doughty 60 1 2 2
2 Lubomir Visnovsky Danny Richmond 40 1 2 2
Last Minutes Offensive
Center Left Wing Right Wing Defense Defense
Anze Kopitar Zach Parise Jordan Eberle Drew Doughty Erik Karlsson
Last Minutes Defensive
Center Left Wing Right Wing Defense Defense
Anze Kopitar Martin Samuelsson Daniel Cleary Drew Doughty Jared Cowen
Goaltenders
Starting : Evgeni Nabokov
Backup : Jonathan Quick
Extra Forwards
Normal : Anze Kopitar, Jordan Eberle, Jakub Voracek - PP : Ted Purcell, Georges Laraque - PK : Anze Kopitar
Extra Defensemen
Normal : Drew Doughty, Danny Richmond, Erik Karlsson - PP : Jared Cowen - PK : Drew Doughty, Erik Karlsson
Penalty Shots
Anze Kopitar, Zach Parise, Ted Purcell, Jordan Eberle, Jordan Nolan
% Time on Ice - Penguins
Lines # - Real PCT - Wanted PCT - Time Play
Normal Forward
1 - 36% - 40% - 19:08
2 - 27% - 30% - 14:41
3 - 21% - 20% - 11:14
4 - 16% - 10% - 8:26
Normal Defense
1 - 45% - 45% - 23:59
2 - 34% - 33% - 18:03
3 - 21% - 22% - 11:27
4 - 0% - 0% - 0:00
PP Forward
1 - 54% - 60% - 2:08
2 - 46% - 40% - 1:50
PP Defense
1 - 61% - 60% - 2:25
2 - 39% - 40% - 1:33
PK Forward
1 - 81% - 60% - 2:04
2 - 19% - 40% - 0:29
PK Defense
1 - 96% - 60% - 2:27
2 - 4% - 40% - 0:06
PK3 Forward
1 - 0% - 60%
2 - 0% - 40%
PK3 Defense
1 - 0% - 60%
2 - 0% - 40%
44 Forward
1 - 0% - 60%
2 - 0% - 40%
44 Defense
1 - 0% - 60%
2 - 0% - 40%
Last Minute Offensive - 0:00
Last Minute Defensive - 0:00
Total
Forward - 60:00
Defense - 60:00
|
% Time on Ice - Kings
Lines # - Real PCT - Wanted PCT - Time Play
Normal Forward
1 - 31% - 35% - 16:45
2 - 30% - 35% - 16:10
3 - 23% - 25% - 12:03
4 - 16% - 5% - 8:31
Normal Defense
1 - 38% - 40% - 20:10
2 - 28% - 30% - 15:11
3 - 30% - 30% - 16:02
4 - 4% - 0% - 2:06
PP Forward
1 - 54% - 55% - 1:23
2 - 46% - 45% - 1:10
PP Defense
1 - 74% - 60% - 1:53
2 - 26% - 40% - 0:40
PK Forward
1 - 76% - 60% - 3:02
2 - 24% - 40% - 0:56
PK Defense
1 - 62% - 60% - 2:28
2 - 38% - 40% - 1:30
PK3 Forward
1 - 0% - 60%
2 - 0% - 40%
PK3 Defense
1 - 0% - 60%
2 - 0% - 40%
44 Forward
1 - 0% - 60%
2 - 0% - 40%
44 Defense
1 - 0% - 60%
2 - 0% - 40%
Last Minute Offensive - 0:00
Last Minute Defensive - 0:00
Total
Forward - 60:00
Defense - 60:00
|
Play by Play
1st period
0:01 of 1st period - Steven Stamkos wins face-off versus Johnny Gaudreau in neutral zone.
0:06 of 1st period - Dion Phaneuf is hit by Anze Kopitar and loses puck.
0:52 of 1st period - Snap shot by Steve Sullivan.
0:52 of 1st period - Deflect By Danny Richmond.
0:52 of 1st period - Shot Blocked by Georges Laraque.
0:52 of 1st period - Puck is out of play.
0:53 of 1st period - Brayden Schenn wins face-off versus Dominic Moore in Kings zone.
1:00 of 1st period - Snap shot by Nikita Alexeev.
1:00 of 1st period - Shot Blocked by Michael Kostka.
1:29 of 1st period - Snap shot by Steven Stamkos.
1:29 of 1st period - Shot Blocked by Drew Doughty.
2:09 of 1st period - Slapshot by Josef Vasicek.
2:09 of 1st period - Deflect By Michael Kostka.
2:09 of 1st period - Shot Misses the Net.
2:09 of 1st period - Puck is out of play.
2:10 of 1st period - Steven Stamkos wins face-off versus Jordan Nolan in Kings zone.
2:35 of 1st period - Michael Kostka is hit by Sam Gagner and loses puck.
3:37 of 1st period - Steven Stamkos is hit by Jordan Nolan and loses puck.
3:59 of 1st period - Off-side.
4:00 of 1st period - Anze Kopitar wins face-off versus Sam Gagner in neutral zone.
4:17 of 1st period - Snap shot by Jordan Eberle.
4:17 of 1st period - Shot Blocked by Nathan Horton.
4:19 of 1st period - Snap shot by Anze Kopitar.
4:19 of 1st period - Deflect By Jordan Eberle.
4:19 of 1st period - Stopped by Brian Elliott with a rebound.
4:27 of 1st period - Jared Cowen is hit by Nathan Horton and loses puck.
4:50 of 1st period - Erik Karlsson is hit by Luke Schenn and loses puck.
5:15 of 1st period - Slapshot by Jordan Eberle.
5:15 of 1st period - Deflect By Anze Kopitar.
5:15 of 1st period - Stopped by Brian Elliott with a rebound.
5:17 of 1st period - Snap shot by Anze Kopitar.
5:17 of 1st period - Shot Blocked by Dion Phaneuf.
5:45 of 1st period - Snap shot by Jordan Eberle.
5:45 of 1st period - Shot Blocked by Luke Schenn.
6:03 of 1st period - Slapshot by Jordan Eberle.
6:03 of 1st period - Shot Misses the Net.
6:05 of 1st period - Slapshot by Erik Karlsson.
6:05 of 1st period - Deflect By Jordan Eberle.
6:05 of 1st period - Stopped by Brian Elliott with a rebound.
6:07 of 1st period - Backhand shot by Erik Karlsson.
6:07 of 1st period - Deflect By Dion Phaneuf.
6:07 of 1st period - Stopped by Brian Elliott with a rebound.
6:09 of 1st period - Wrist shot by Johnny Gaudreau.
6:09 of 1st period - Shot Blocked by Luke Schenn.
6:11 of 1st period - Snap shot by Anze Kopitar.
6:11 of 1st period - Stopped by Brian Elliott without a rebound.
6:12 of 1st period - Jordan Nolan wins face-off versus Max Pacioretty in Penguins zone.
6:50 of 1st period - Snap shot by Steve Sullivan.
6:50 of 1st period - Shot Blocked by Drew Doughty.
7:04 of 1st period - Wrist shot by Nikita Alexeev.
7:04 of 1st period - Stopped by Evgeni Nabokov with a rebound.
7:06 of 1st period - Slapshot by Paul Ranger.
7:06 of 1st period - Stopped by Evgeni Nabokov with a rebound.
7:45 of 1st period - Icing by Georges Laraque.
7:46 of 1st period - Steven Stamkos wins face-off versus Maxim Talbot in Kings zone.
7:47 of 1st period - Snap shot by Bobby Ryan.
7:47 of 1st period - Deflect By Jared Cowen.
7:47 of 1st period - Stopped by Evgeni Nabokov with a rebound.
7:49 of 1st period - Snap shot by Brayden Schenn.
7:49 of 1st period - Shot Blocked by Danny Richmond.
7:51 of 1st period - Slapshot by Derek Joslin.
7:51 of 1st period - Stopped by Evgeni Nabokov without a rebound.
7:52 of 1st period - Brayden Schenn wins face-off versus Jordan Nolan in Kings zone.
7:59 of 1st period - Wrist shot by Nikita Alexeev.
7:59 of 1st period - Shot Misses the Net.
8:01 of 1st period - Slapshot by Eric Gryba.
8:01 of 1st period - Stopped by Evgeni Nabokov with a rebound.
8:03 of 1st period - Slapshot by Brayden Schenn.
8:03 of 1st period - Shot Misses the Net.
8:24 of 1st period - Snap shot by Ted Purcell.
8:24 of 1st period - Shot Blocked by Bobby Ryan.
8:26 of 1st period - Slapshot by Ted Purcell.
8:26 of 1st period - Stopped by Brian Elliott with a rebound.
8:53 of 1st period - Wrist shot by Daniel Cleary.
8:53 of 1st period - Stopped by Brian Elliott without a rebound.
8:54 of 1st period - Jordan Nolan wins face-off versus Steven Stamkos in Penguins zone.
9:20 of 1st period - Lubomir Visnovsky is hit by Steve Sullivan and loses puck.
9:27 of 1st period - Dion Phaneuf is hit by Ted Purcell and loses puck.
9:42 of 1st period - Snap shot by Daniel Cleary.
9:42 of 1st period - Shot Misses the Net.
9:49 of 1st period - Snap shot by Daniel Cleary.
9:49 of 1st period - Stopped by Brian Elliott without a rebound.
9:50 of 1st period - Steven Stamkos wins face-off versus Jordan Nolan in Penguins zone.
10:15 of 1st period - Jared Cowen is hit by Brian McGrattan.
10:23 of 1st period - Wrist shot by Drew Doughty.
10:23 of 1st period - Shot Blocked by Derek Joslin.
10:41 of 1st period - Brayden Schenn is hit by Georges Laraque and loses puck.
10:48 of 1st period - Snap shot by Ted Purcell.
10:48 of 1st period - Shot Blocked by Duncan Keith.
10:50 of 1st period - Wrist shot by Ted Purcell.
10:50 of 1st period - Deflect By Georges Laraque.
10:50 of 1st period - Stopped by Brian Elliott without a rebound.
10:51 of 1st period - Jordan Nolan wins face-off versus Steven Stamkos in Penguins zone.
11:16 of 1st period - Anze Kopitar is hit by Luke Schenn and loses puck.
11:37 of 1st period - Snap shot by Dion Phaneuf.
11:37 of 1st period - Deflect By Brian McGrattan.
11:37 of 1st period - Shot Misses the Net.
11:37 of 1st period - Puck is out of play.
11:38 of 1st period - Josef Vasicek wins face-off versus Dominic Moore in Kings zone.
12:26 of 1st period - Slapshot by Dominic Moore.
12:26 of 1st period - Shot Misses the Net.
12:28 of 1st period - Snap shot by Dominic Moore.
12:28 of 1st period - Shot Misses the Net.
12:30 of 1st period - Slapshot by Michael Kostka.
12:30 of 1st period - Shot Hit the Post.
12:52 of 1st period - Michael Kostka is hit by Paul Ranger.
13:12 of 1st period - Snap shot by Dominic Moore.
13:12 of 1st period - Stopped by Brian Elliott without a rebound.
13:13 of 1st period - Steven Stamkos wins face-off versus Jordan Nolan in Penguins zone.
14:19 of 1st period - Lubomir Visnovsky is hit by Max Pacioretty and loses puck.
14:46 of 1st period - Slapshot by Steven Stamkos.
14:46 of 1st period - Stopped by Evgeni Nabokov without a rebound.
14:47 of 1st period - Josef Vasicek wins face-off versus Jakub Voracek in Kings zone.
14:48 of 1st period - Snap shot by Steve Sullivan.
14:48 of 1st period - Stopped by Evgeni Nabokov with a rebound.
14:54 of 1st period - Snap shot by Brian McGrattan.
14:54 of 1st period - Stopped by Evgeni Nabokov with a rebound.
14:56 of 1st period - Snap shot by Luke Schenn.
14:56 of 1st period - Stopped by Evgeni Nabokov with a rebound.
14:58 of 1st period - Snap shot by Steve Sullivan.
14:58 of 1st period - Stopped by Evgeni Nabokov without a rebound.
14:59 of 1st period - Josef Vasicek wins face-off versus Jordan Nolan in Kings zone.
15:02 of 1st period - Wrist shot by Josef Vasicek.
15:02 of 1st period - Shot Misses the Net.
15:10 of 1st period - Snap shot by Danny Richmond.
15:10 of 1st period - Shot Misses the Net.
15:12 of 1st period - Slapshot by Zach Parise.
15:12 of 1st period - Shot Blocked by Eric Gryba.
15:24 of 1st period - Snap shot by Jordan Eberle.
15:24 of 1st period - Shot Misses the Net.
15:26 of 1st period - Snap shot by Anze Kopitar.
15:26 of 1st period - Shot Misses the Net.
15:28 of 1st period - Slapshot by Michael Kostka.
15:28 of 1st period - Shot Blocked by Derek Joslin.
15:30 of 1st period - Slapshot by Erik Karlsson.
15:30 of 1st period - Stopped by Brian Elliott without a rebound.
15:31 of 1st period - Sam Gagner wins face-off versus Anze Kopitar in Penguins zone.
15:33 of 1st period - Minor Penalty to Luke Schenn for High sticking.
15:34 of 1st period - Anze Kopitar wins face-off versus Brayden Schenn in Penguins zone.
15:34 of 1st period - Slapshot by Drew Doughty.
15:34 of 1st period - Stopped by Brian Elliott with a rebound.
15:36 of 1st period - Slapshot by Drew Doughty.
15:36 of 1st period - Stopped by Brian Elliott without a rebound.
15:37 of 1st period - Brayden Schenn wins face-off versus Anze Kopitar in Penguins zone.
17:33 of 1st period - Penalty to Luke Schenn is over, Luke Schenn is back on ice.
17:49 of 1st period - Off-side.
17:50 of 1st period - Steven Stamkos wins face-off versus Ted Purcell in neutral zone.
17:55 of 1st period - Wrist shot by Steven Stamkos.
17:55 of 1st period - Shot Misses the Net.
17:57 of 1st period - Slapshot by Dion Phaneuf.
17:57 of 1st period - Deflect By Steven Stamkos.
17:57 of 1st period - Goal by Steven Stamkos - Penguins : 1 - Kings : 0.
17:58 of 1st period - Jordan Nolan wins face-off versus Steven Stamkos in neutral zone.
18:25 of 1st period - Lubomir Visnovsky is hit by Dustin Penner.
18:29 of 1st period - Slapshot by Drew Doughty.
18:29 of 1st period - Stopped by Brian Elliott with a rebound.
18:41 of 1st period - Sam Gagner is hit by Jordan Eberle and loses puck.
19:18 of 1st period - Icing by Dion Phaneuf.
19:19 of 1st period - Jordan Nolan wins face-off versus Brayden Schenn in Penguins zone.
19:48 of 1st period - Snap shot by Anze Kopitar.
19:48 of 1st period - Deflect By Jordan Eberle.
19:48 of 1st period - Shot Misses the Net.
19:48 of 1st period - Puck is out of play.
19:49 of 1st period - Max Pacioretty wins face-off versus Anze Kopitar in Penguins zone.
Goals for this period are 1 for Penguins vs 0 for Kings.
Shots for this period are 11 for Penguins vs 14 for Kings.
2nd period
0:01 of 2nd period - Max Pacioretty wins face-off versus Jordan Nolan in neutral zone.
0:39 of 2nd period - Anze Kopitar is hit by Eric Gryba and loses puck.
0:46 of 2nd period - Eric Gryba is hit by Jordan Eberle and loses puck.
1:05 of 2nd period - Snap shot by Anze Kopitar.
1:05 of 2nd period - Stopped by Brian Elliott without a rebound.
1:06 of 2nd period - Jordan Nolan wins face-off versus Steven Stamkos in Penguins zone.
1:23 of 2nd period - Slapshot by Steven Stamkos.
1:23 of 2nd period - Shot Blocked by Danny Richmond.
1:37 of 2nd period - Snap shot by Nikita Alexeev.
1:37 of 2nd period - Stopped by Evgeni Nabokov without a rebound.
1:38 of 2nd period - Maxim Talbot wins face-off versus Ben Eager in Kings zone.
1:38 of 2nd period - Maxim Talbot is hit by Ben Eager.
1:41 of 2nd period - Minor Penalty to Ted Purcell for Charging.
1:42 of 2nd period - Dominic Moore wins face-off versus Steven Stamkos in Kings zone.
1:42 of 2nd period - Dominic Moore is hit by Luke Schenn.
1:53 of 2nd period - Backhand shot by Bobby Ryan.
1:53 of 2nd period - Deflect By Steven Stamkos.
1:53 of 2nd period - Stopped by Evgeni Nabokov with a rebound.
1:55 of 2nd period - Slapshot by Dion Phaneuf.
1:55 of 2nd period - Shot Misses the Net.
1:57 of 2nd period - Wrist shot by Bobby Ryan.
1:57 of 2nd period - Shot Blocked by Jared Cowen.
2:19 of 2nd period - Slapshot by Dion Phaneuf.
2:19 of 2nd period - Deflect By Sam Gagner.
2:19 of 2nd period - Stopped by Evgeni Nabokov without a rebound.
2:20 of 2nd period - Martin Samuelsson wins face-off versus Sam Gagner in Kings zone.
2:20 of 2nd period - Martin Samuelsson is hit by Sam Gagner.
2:47 of 2nd period - Steven Stamkos is hit by Michael Kostka.
2:57 of 2nd period - Slapshot by Paul Ranger.
2:57 of 2nd period - Shot Misses the Net.
3:41 of 2nd period - Penalty to Ted Purcell is over, Ted Purcell is back on ice.
4:12 of 2nd period - Snap shot by Ted Purcell.
4:12 of 2nd period - Shot Misses the Net.
4:26 of 2nd period - Icing by Eric Gryba.
4:27 of 2nd period - Brayden Schenn wins face-off versus Anze Kopitar in Penguins zone.
4:50 of 2nd period - Brayden Schenn is hit by Anze Kopitar and loses puck.
5:31 of 2nd period - Snap shot by Nikita Alexeev.
5:31 of 2nd period - Shot Blocked by Drew Doughty.
5:45 of 2nd period - Slapshot by Drew Doughty.
5:45 of 2nd period - Stopped by Brian Elliott without a rebound.
5:46 of 2nd period - Bobby Ryan wins face-off versus Jordan Nolan in Penguins zone.
5:53 of 2nd period - Slapshot by Steven Stamkos.
5:53 of 2nd period - Shot Misses the Net.
6:11 of 2nd period - Sam Gagner is hit by Ted Purcell and loses puck.
6:40 of 2nd period - Wrist shot by Steve Sullivan.
6:40 of 2nd period - Stopped by Evgeni Nabokov without a rebound.
6:41 of 2nd period - Jordan Nolan wins face-off versus Steven Stamkos in Kings zone.
6:48 of 2nd period - Snap shot by Zach Parise.
6:48 of 2nd period - Shot Misses the Net.
6:50 of 2nd period - Backhand shot by Jakub Voracek.
6:50 of 2nd period - Stopped by Brian Elliott without a rebound.
6:51 of 2nd period - Jordan Nolan wins face-off versus Steven Stamkos in Penguins zone.
7:23 of 2nd period - Minor Penalty to Eric Gryba for Roughing.
7:24 of 2nd period - Brayden Schenn wins face-off versus Anze Kopitar in Penguins zone.
7:51 of 2nd period - Off-side.
7:52 of 2nd period - Jordan Nolan wins face-off versus Nathan Horton in neutral zone.
7:57 of 2nd period - Wrist shot by Jakub Voracek.
7:57 of 2nd period - Deflect By Jordan Nolan.
7:57 of 2nd period - Goal by Jordan Nolan - Penguins : 1 - Kings : 1.
7:58 of 2nd period - Steven Stamkos wins face-off versus Anze Kopitar in neutral zone.
8:01 of 2nd period - Jared Cowen is hit by Luke Schenn.
8:34 of 2nd period - Slapshot by Luke Schenn.
8:34 of 2nd period - Stopped by Evgeni Nabokov with a rebound.
8:46 of 2nd period - Drew Doughty is hit by Brian McGrattan and loses puck.
9:32 of 2nd period - Snap shot by Steven Stamkos.
9:32 of 2nd period - Stopped by Evgeni Nabokov without a rebound.
9:33 of 2nd period - Steven Stamkos wins face-off versus Jordan Nolan in Kings zone.
9:34 of 2nd period - Wrist shot by Bobby Ryan.
9:34 of 2nd period - Stopped by Evgeni Nabokov with a rebound.
10:22 of 2nd period - Josef Vasicek is hit by Georges Laraque and loses puck.
10:28 of 2nd period - Off-side.
10:29 of 2nd period - Jordan Nolan wins face-off versus Steven Stamkos in neutral zone.
10:42 of 2nd period - Snap shot by Steven Stamkos.
10:42 of 2nd period - Goal by Steven Stamkos - Penguins : 2 - Kings : 1.
10:43 of 2nd period - Steven Stamkos wins face-off versus Anze Kopitar in neutral zone.
11:10 of 2nd period - Lubomir Visnovsky is hit by Dion Phaneuf and loses puck.
11:17 of 2nd period - Wrist shot by Bobby Ryan.
11:17 of 2nd period - Stopped by Evgeni Nabokov without a rebound.
11:18 of 2nd period - Sam Gagner wins face-off versus Jordan Nolan in Kings zone.
11:19 of 2nd period - Slapshot by Nathan Horton.
11:19 of 2nd period - Shot Blocked by Zach Parise.
12:42 of 2nd period - Brayden Schenn is hit by Georges Laraque and loses puck.
12:49 of 2nd period - Slapshot by Drew Doughty.
12:49 of 2nd period - Stopped by Brian Elliott without a rebound.
12:50 of 2nd period - Steven Stamkos wins face-off versus Anze Kopitar in Penguins zone.
13:17 of 2nd period - Sam Gagner is hit by Jakub Voracek and loses puck.
13:46 of 2nd period - Snap shot by Josef Vasicek.
13:46 of 2nd period - Shot Blocked by Lubomir Visnovsky.
13:58 of 2nd period - Slapshot by Drew Doughty.
13:58 of 2nd period - Shot Blocked by Dion Phaneuf.
14:00 of 2nd period - Backhand shot by Daniel Cleary.
14:00 of 2nd period - Stopped by Brian Elliott with a rebound.
14:24 of 2nd period - Wrist shot by Sam Gagner.
14:24 of 2nd period - Shot Misses the Net.
15:16 of 2nd period - Slapshot by Dustin Penner.
15:16 of 2nd period - Shot Misses the Net.
15:18 of 2nd period - Slapshot by Paul Ranger.
15:18 of 2nd period - Shot Blocked by Lubomir Visnovsky.
15:20 of 2nd period - Slapshot by Dustin Penner.
15:20 of 2nd period - Deflect By Nathan Horton.
15:20 of 2nd period - Stopped by Evgeni Nabokov without a rebound.
15:21 of 2nd period - Dominic Moore wins face-off versus Sam Gagner in Kings zone.
15:30 of 2nd period - Snap shot by Sam Gagner.
15:30 of 2nd period - Stopped by Evgeni Nabokov with a rebound.
15:32 of 2nd period - Snap shot by Paul Ranger.
15:32 of 2nd period - Stopped by Evgeni Nabokov with a rebound.
15:36 of 2nd period - Snap shot by Sam Gagner.
15:36 of 2nd period - Shot Misses the Net.
15:57 of 2nd period - Wrist shot by Nathan Horton.
15:57 of 2nd period - Shot Blocked by Erik Karlsson.
15:59 of 2nd period - Wrist shot by Sam Gagner.
15:59 of 2nd period - Shot Misses the Net.
16:01 of 2nd period - Snap shot by Sam Gagner.
16:01 of 2nd period - Shot Misses the Net.
16:03 of 2nd period - Slapshot by Luke Schenn.
16:03 of 2nd period - Shot Blocked by Michael Kostka.
16:05 of 2nd period - Wrist shot by Nathan Horton.
16:05 of 2nd period - Stopped by Evgeni Nabokov with a rebound.
16:07 of 2nd period - Wrist shot by Nathan Horton.
16:07 of 2nd period - Stopped by Evgeni Nabokov with a rebound.
16:09 of 2nd period - Slapshot by Derek Joslin.
16:09 of 2nd period - Shot Misses the Net.
16:11 of 2nd period - Slapshot by Eric Gryba.
16:11 of 2nd period - Deflect By Dustin Penner.
16:11 of 2nd period - Stopped by Evgeni Nabokov without a rebound.
16:12 of 2nd period - Steven Stamkos wins face-off versus Jordan Nolan in Kings zone.
16:13 of 2nd period - Wrist shot by Bobby Ryan.
16:13 of 2nd period - Stopped by Evgeni Nabokov without a rebound.
16:14 of 2nd period - Steven Stamkos wins face-off versus Jordan Nolan in Kings zone.
17:49 of 2nd period - Snap shot by Daniel Cleary.
17:49 of 2nd period - Shot Misses the Net.
18:01 of 2nd period - Snap shot by Josef Vasicek.
18:01 of 2nd period - Goal by Josef Vasicek - Penguins : 3 - Kings : 1.
18:02 of 2nd period - Steven Stamkos wins face-off versus Anze Kopitar in neutral zone.
18:07 of 2nd period - Slapshot by Paul Ranger.
18:07 of 2nd period - Stopped by Evgeni Nabokov without a rebound.
18:08 of 2nd period - Anze Kopitar wins face-off versus Steven Stamkos in Kings zone.
18:17 of 2nd period - Wrist shot by Jordan Eberle.
18:17 of 2nd period - Shot Misses the Net.
18:35 of 2nd period - Snap shot by Dustin Penner.
18:35 of 2nd period - Stopped by Evgeni Nabokov with a rebound.
18:37 of 2nd period - Snap shot by Nathan Horton.
18:37 of 2nd period - Stopped by Evgeni Nabokov with a rebound.
19:02 of 2nd period - Snap shot by Zach Parise.
19:02 of 2nd period - Deflect By Jakub Voracek.
19:02 of 2nd period - Stopped by Brian Elliott without a rebound.
19:03 of 2nd period - Anze Kopitar wins face-off versus Max Pacioretty in Penguins zone.
19:18 of 2nd period - Dion Phaneuf is hit by Jordan Eberle and loses puck.
Goals for this period are 2 for Penguins vs 1 for Kings.
Shots for this period are 20 for Penguins vs 7 for Kings.
3rd period
0:01 of 3rd period - Steven Stamkos wins face-off versus Jordan Nolan in neutral zone.
0:08 of 3rd period - Backhand shot by Steven Stamkos.
0:08 of 3rd period - Stopped by Evgeni Nabokov with a rebound.
0:10 of 3rd period - Slapshot by Dion Phaneuf.
0:10 of 3rd period - Shot Blocked by Drew Doughty.
0:26 of 3rd period - Sam Gagner is hit by Anze Kopitar and loses puck.
0:31 of 3rd period - Wrist shot by Anze Kopitar.
0:31 of 3rd period - Shot Blocked by Nathan Horton.
0:33 of 3rd period - Wrist shot by Anze Kopitar.
0:33 of 3rd period - Shot Blocked by Sam Gagner.
1:14 of 3rd period - Brayden Schenn is hit by Martin Samuelsson.
2:14 of 3rd period - Snap shot by Maxim Talbot.
2:14 of 3rd period - Shot Misses the Net.
2:32 of 3rd period - Wrist shot by Ted Purcell.
2:32 of 3rd period - Stopped by Brian Elliott with a rebound.
2:34 of 3rd period - Snap shot by Zach Parise.
2:34 of 3rd period - Stopped by Brian Elliott with a rebound.
2:36 of 3rd period - Slapshot by Zach Parise.
2:36 of 3rd period - Shot Misses the Net.
2:38 of 3rd period - Wrist shot by Jared Cowen.
2:38 of 3rd period - Stopped by Brian Elliott with a rebound.
2:40 of 3rd period - Wrist shot by Jakub Voracek.
2:40 of 3rd period - Shot Misses the Net.
2:42 of 3rd period - Snap shot by Jakub Voracek.
2:42 of 3rd period - Deflect By Eric Gryba.
2:42 of 3rd period - Shot Misses the Net.
2:42 of 3rd period - Puck is out of play.
2:43 of 3rd period - Dustin Penner wins face-off versus Jordan Eberle in Penguins zone.
2:43 of 3rd period - Dustin Penner is hit by Jordan Eberle.
3:50 of 3rd period - Wrist shot by Brian McGrattan.
3:50 of 3rd period - Deflect By Josef Vasicek.
3:50 of 3rd period - Stopped by Evgeni Nabokov with a rebound.
3:52 of 3rd period - Slapshot by Steve Sullivan.
3:52 of 3rd period - Stopped by Evgeni Nabokov without a rebound.
3:53 of 3rd period - Bobby Ryan wins face-off versus Anze Kopitar in Kings zone.
4:00 of 3rd period - Slapshot by Bobby Ryan.
4:00 of 3rd period - Stopped by Evgeni Nabokov with a rebound.
4:43 of 3rd period - Ted Purcell is hit by Josef Vasicek and loses puck.
5:02 of 3rd period - Eric Gryba is hit by Jared Cowen and loses puck.
5:09 of 3rd period - Wrist shot by Nikita Alexeev.
5:09 of 3rd period - Stopped by Evgeni Nabokov with a rebound.
5:33 of 3rd period - Snap shot by Anze Kopitar.
5:33 of 3rd period - Shot Blocked by Nathan Horton.
6:07 of 3rd period - Slapshot by Michael Kostka.
6:07 of 3rd period - Shot Misses the Net.
6:48 of 3rd period - Bobby Ryan is hit by Martin Samuelsson and loses puck.
7:05 of 3rd period - Wrist shot by Jakub Voracek.
7:05 of 3rd period - Deflect By Zach Parise.
7:05 of 3rd period - Shot Misses the Net.
7:05 of 3rd period - Puck is out of play.
7:06 of 3rd period - Jordan Nolan wins face-off versus Sam Gagner in Penguins zone.
7:38 of 3rd period - Slapshot by Duncan Keith.
7:38 of 3rd period - Shot Blocked by Anze Kopitar.
7:40 of 3rd period - Slapshot by Bobby Ryan.
7:40 of 3rd period - Shot Misses the Net.
7:42 of 3rd period - Slapshot by Bobby Ryan.
7:42 of 3rd period - Stopped by Evgeni Nabokov without a rebound.
7:43 of 3rd period - Sam Gagner wins face-off versus Maxim Talbot in Kings zone.
8:52 of 3rd period - Icing by Martin Samuelsson.
8:53 of 3rd period - Dominic Moore wins face-off versus Sam Gagner in Kings zone.
8:53 of 3rd period - Dominic Moore is hit by Nathan Horton.
9:02 of 3rd period - Off-side.
9:03 of 3rd period - Anze Kopitar wins face-off versus Steven Stamkos in neutral zone.
9:10 of 3rd period - Wrist shot by Johnny Gaudreau.
9:10 of 3rd period - Shot Misses the Net.
9:32 of 3rd period - Backhand shot by Ted Purcell.
9:32 of 3rd period - Shot Blocked by Dion Phaneuf.
9:34 of 3rd period - Wrist shot by Maxim Talbot.
9:34 of 3rd period - Shot Misses the Net.
9:36 of 3rd period - Snap shot by Ted Purcell.
9:36 of 3rd period - Stopped by Brian Elliott without a rebound.
9:37 of 3rd period - Jordan Nolan wins face-off versus Sam Gagner in Penguins zone.
9:50 of 3rd period - Slapshot by Drew Doughty.
9:50 of 3rd period - Stopped by Brian Elliott without a rebound.
9:51 of 3rd period - Anze Kopitar wins face-off versus Steven Stamkos in Penguins zone.
9:56 of 3rd period - Snap shot by Johnny Gaudreau.
9:56 of 3rd period - Shot Misses the Net.
9:58 of 3rd period - Wrist shot by Anze Kopitar.
9:58 of 3rd period - Stopped by Brian Elliott with a rebound.
10:53 of 3rd period - Snap shot by Drew Doughty.
10:53 of 3rd period - Deflect By Josef Vasicek.
10:53 of 3rd period - Stopped by Brian Elliott with a rebound.
11:05 of 3rd period - Snap shot by Nikita Alexeev.
11:05 of 3rd period - Shot Misses the Net.
11:07 of 3rd period - Snap shot by Paul Ranger.
11:07 of 3rd period - Shot Blocked by Dominic Moore.
11:09 of 3rd period - Slapshot by Paul Ranger.
11:09 of 3rd period - Deflect By Nikita Alexeev.
11:09 of 3rd period - Goal by Nikita Alexeev - Penguins : 4 - Kings : 1.
11:10 of 3rd period - Steven Stamkos wins face-off versus Anze Kopitar in neutral zone.
11:15 of 3rd period - Snap shot by Steven Stamkos.
11:15 of 3rd period - Deflect By Max Pacioretty.
11:15 of 3rd period - Shot Misses the Net.
11:15 of 3rd period - Puck is out of play.
11:16 of 3rd period - Steven Stamkos wins face-off versus Anze Kopitar in Kings zone.
12:17 of 3rd period - Danny Richmond is hit by Steve Sullivan.
12:39 of 3rd period - Snap shot by Brayden Schenn.
12:39 of 3rd period - Shot Misses the Net.
12:53 of 3rd period - Slapshot by Michael Kostka.
12:53 of 3rd period - Stopped by Brian Elliott with a rebound.
13:18 of 3rd period - Icing by Jordan Nolan.
13:19 of 3rd period - Jordan Nolan wins face-off versus Steven Stamkos in Kings zone.
14:14 of 3rd period - Slapshot by Ted Purcell.
14:14 of 3rd period - Shot Blocked by Duncan Keith.
14:16 of 3rd period - Snap shot by Georges Laraque.
14:16 of 3rd period - Shot Blocked by Josef Vasicek.
14:28 of 3rd period - Wrist shot by Dominic Moore.
14:28 of 3rd period - Stopped by Brian Elliott without a rebound.
14:29 of 3rd period - Dominic Moore wins face-off versus Brayden Schenn in Penguins zone.
14:46 of 3rd period - Wrist shot by Martin Samuelsson.
14:46 of 3rd period - Shot Misses the Net.
14:48 of 3rd period - Wrist shot by Martin Samuelsson.
14:48 of 3rd period - Goal by Martin Samuelsson - Penguins : 4 - Kings : 2.
14:49 of 3rd period - Anze Kopitar wins face-off versus Steven Stamkos in neutral zone.
14:54 of 3rd period - Slapshot by Danny Richmond.
14:54 of 3rd period - Stopped by Brian Elliott without a rebound.
14:55 of 3rd period - Steven Stamkos wins face-off versus Anze Kopitar in Penguins zone.
15:00 of 3rd period - Danny Richmond is hit by Luke Schenn and loses puck.
15:36 of 3rd period - Minor Penalty to Ted Purcell for Holding.
15:37 of 3rd period - Dominic Moore wins face-off versus Steven Stamkos in Kings zone.
15:46 of 3rd period - Dominic Moore is hit by Luke Schenn and loses puck.
16:14 of 3rd period - Lubomir Visnovsky is hit by Sam Gagner and loses puck.
16:32 of 3rd period - Icing by Duncan Keith.
16:33 of 3rd period - Dominic Moore wins face-off versus Steven Stamkos in Penguins zone.
17:36 of 3rd period - Penalty to Ted Purcell is over, Ted Purcell is back on ice.
17:48 of 3rd period - Jakub Voracek is hit by Brian McGrattan and loses puck.
18:01 of 3rd period - Brian McGrattan is hit by Jordan Eberle and loses puck.
Goals for this period are 1 for Penguins vs 1 for Kings.
Shots for this period are 7 for Penguins vs 11 for Kings.
Back to the Top